Map: Torres Crepusculares (3.1.3 Balance v1.0)

Players

xXkazperXx

  • Race: Zerg Zerg

xLoRDx - Winner!

  • Race: Zerg Zerg
  • League: Gold

VOD

Have the link to the VOD?

Description

Time

  • Played on: March 6, 2016, 2:15 a.m.
  • Length: 28:12
Show
View Real Time Build Order
Export as new Build Order

xXkazperXx Zerg 

Build Orders: Pool First 

Get SALT Encoding   

  12  0:02  Drone  
  13  0:11  Drone  
  14  0:27  Overlord  
  14  0:41  Spawning Pool  
  13  0:47  Drone x3  
  17  1:04  Drone  
  17  1:22  Drone x2  
  19  1:30  Extractor  
  18  1:32  Drone  
  19  1:46  Zergling x2  
  20  2:00  Extractor  
  19  2:04  Drone x2  
  21  2:21  Drone  
  22  2:27  Roach Warren  
  20  2:52  Zergling x2  
  20  2:53  Overlord x2  
  21  3:02  Lair  
  21  3:28  Roach  
  21  3:29  Roach x2  
  27  3:46  Drone  
  28  3:49  Hatchery  
  27  4:00  Metabolic Boost  
  27  4:03  Baneling Nest  
  27  4:09  Zergling x4  
  27  4:19  Drone  
  28  4:39  Queen  
  28  4:43  Zergling x4  
  32  4:59  Hydralisk Den, Hatchery  
  26  5:17  Roach x3  
  33  5:21  Zergling x4  
  34  5:35  Zergling x2  
  35  5:40  Hydralisk  
  37  6:04  Hydralisk x3  
  37  6:10  Zergling x2  
  37  6:11  Overlord x3  
  44  6:20  Centrifical Hooks  
  44  6:24  Muscular Augments  
  44  6:26  Drone  
  44  6:28  Drone x2  
  47  6:37  Zergling x2  
  47  6:38  Zergling x4  
  50  6:47  Drone x2  
  52  6:59  Drone  
  52  7:00  Queen  
  40  7:48  Zergling x6  
  43  7:51  Hydralisk x2  
  43  7:52  Hydralisk x4  
  43  7:54  Roach x2  
  59  7:59  Drone  
  59  8:04  Drone  
  61  8:07  Drone x2  
  63  8:22  Drone x4  
  67  8:34  Queen  
  69  8:46  Zergling x10  
  69  8:47  Overlord  
  74  9:00  Overlord x2  
  74  9:14  Drone x4  
  74  9:15  Drone x2  
  80  9:37  Spire  
  79  9:38  Drone x2  
  81  9:54  Drone x3  
  48  10:18  Hydralisk x8  
  48  10:21  Hydralisk x5  
  52  11:07  Zergling x6  
  52  11:09  Zergling x6  
  58  11:30  Zergling x2  
  58  11:31  Zergling x2  
  58  11:32  Zergling x4  
  62  11:35  Hatchery  
  61  11:42  Zergling x2  
  62  11:52  Burrow  
  62  12:00  Pneumatized Carapace  
  62  12:05  Zergling x6  
  62  12:07  Hydralisk  
  67  12:11  Drone  
  68  12:34  Zergling x4  
  68  12:37  Zergling x4  
  72  12:48  Mutalisk x2  
  76  12:58  Drone  
  76  12:59  Drone  
  78  13:18  Mutalisk  
  78  13:19  Mutalisk  
  82  13:25  Drone  
  83  13:29  Drone  
  83  13:33  Drone  
  85  13:56  Drone x3  
  88  14:06  Drone  
  88  14:07  Drone x2  
  91  14:22  Extractor  
  90  14:25  Mutalisk x4  
  98  14:53  Hatchery  
  57  15:31  Overseer  
  51  16:07  Mutalisk x3  
  51  16:09  Mutalisk x4  
  62  17:04  Overseer x2  
  57  17:22  Drone x2  
  59  17:23  Drone  
  60  17:33  Extractor  
  60  17:35  Drone x3  
  59  17:52  Mutalisk  
  50  18:07  Mutalisk  
  52  18:34  Evolution Chamber  
  33  20:09  Hydralisk x3  
  39  20:58  Lair  
  39  21:06  Hatchery  
  38  21:39  Drone x3  
  41  21:49  Extractor  
  34  22:10  Spawning Pool  
  33  23:06  Spire  
    25:05  Zerg Flyer Armor Level 1  
Show
View Real Time Build Order
Export as new Build Order

xLoRDx Zerg - Winner!

Build Orders: Pool First, Lurkers 

Get SALT Encoding   

  12  0:01  Drone  
  13  0:09  Drone  
  14  0:28  Spawning Pool  
  14  0:30  Drone  
  14  0:38  Overlord  
  14  1:01  Drone  
  14  1:02  Drone x2  
  17  1:07  Extractor  
  17  1:08  Extractor  
  15  1:16  Drone  
  16  1:19  Queen  
  18  1:26  Zergling x2  
  19  1:35  Drone  
  20  1:49  Drone  
  21  2:01  Zergling x2  
  21  2:02  Hatchery  
  21  2:18  Hatchery  
  19  2:42  Drone  
  19  2:43  Drone  
  21  2:44  Overlord x2  
  21  2:59  Roach Warren  
  20  3:09  Lair  
  20  3:15  Zergling x2  
  21  3:21  Drone  
  22  3:31  Drone  
  22  3:33  Drone  
  24  3:48  Zergling x12  
  27  3:54  Metabolic Boost  
  30  3:58  Drone  
  30  4:01  Drone  
  32  4:13  Overseer  
  32  4:15  Tunneling Claws  
  31  4:20  Drone x2  
  33  4:31  Queen  
  34  4:42  Drone  
  34  4:43  Drone  
  34  4:44  Roach x2  
  40  4:47  Drone  
  39  5:01  Burrow  
  39  5:05  Roach  
  39  5:06  Roach x2  
  42  5:13  Queen  
  43  5:16  Overlord  
  43  5:24  Roach x2  
  47  5:33  Roach  
  47  5:34  Overlord  
  49  5:40  Drone  
  50  5:45  Drone  
  51  5:57  Roach  
  53  6:04  Glial Reconstitution  
  53  6:09  Roach x4  
  61  6:21  Drone  
  61  6:22  Spire  
  61  6:25  Drone x4  
  65  6:47  Overseer  
  65  6:49  Overlord x2  
  65  6:56  Drone  
  65  6:58  Hydralisk Den  
  65  6:59  Drone  
  66  7:01  Overlord  
  66  7:02  Roach x13  
  66  7:04  Extractor  
  66  7:06  Extractor, Drone  
  63  7:35  Roach x3  
  63  7:36  Roach  
  55  7:38  Roach x3  
  55  7:44  Roach  
  56  7:58  Zergling x4  
  57  8:09  Zergling x8  
  57  8:12  Zergling x16  
  69  8:41  Drone x2  
  69  8:42  Drone  
  69  8:45  Drone  
  73  8:54  Zergling x10  
  73  8:55  Zergling x2  
  79  8:59  Roach  
  79  9:00  Overlord x2  
  81  9:08  Overlord x5  
  85  9:24  Roach x3  
  85  9:29  Roach x3  
  93  9:32  Overseer  
  93  9:48  Infestation Pit  
  75  10:26  Roach x4  
  75  10:27  Roach x3  
  86  11:01  Hydralisk  
  86  11:02  Hydralisk x5  
  98  11:10  Hydralisk x5  
  108  11:15  Hydralisk x4  
  108  11:16  Hydralisk  
  118  11:50  Lurker Den  
  118  11:57  Drone x2, Hydralisk Den  
  119  12:09  Drone x2  
  119  12:12  Drone x2  
  123  12:36  Hydralisk x4  
  123  12:37  Hydralisk x2  
  127  12:40  Hydralisk  
  127  12:42  Overlord x2  
  137  13:01  Drone  
  137  13:02  Drone  
  139  13:15  Baneling Nest  
  139  13:17  Drone  
  139  13:18  Drone x2  
  141  13:41  Extractor  
  140  13:42  Extractor  
  139  13:53  Hatchery  
  139  13:55  Muscular Augments  
  138  14:01  Lurker  
  139  14:03  Lurker, Hatchery  
  139  14:04  Lurker  
  139  14:06  Lurker  
  139  14:08  Lurker  
  143  14:10  Lurker  
  143  14:11  Lurker  
  143  14:13  Lurker  
  143  14:14  Lurker  
  143  14:16  Lurker  
  147  14:22  Hydralisk x3  
  153  14:24  Overlord x2  
  153  14:59  Zergling x12  
  145  15:52  Drone  
  137  16:26  Baneling  
  137  16:27  Baneling x4  
  137  16:28  Baneling x7  
  137  16:31  Zergling x4  
  137  16:32  Zergling x6  
  136  17:09  Baneling  
  136  17:10  Baneling x7  
  136  17:11  Baneling x2  
  136  17:42  Centrifical Hooks  
  136  17:54  Drone  
  136  17:55  Drone x2  
  139  18:21  Hatchery  
  139  18:24  Baneling x22  
  138  18:30  Hive  
  97  19:58  Hydralisk x2  
  97  19:59  Hydralisk x9  
  109  20:00  Hydralisk x4  
  109  20:02  Hydralisk  
  109  20:03  Hydralisk x2  
  133  20:07  Hydralisk x7  
  133  20:08  Hydralisk x2  
  133  20:11  Hydralisk x2  
  133  20:12  Hydralisk x8  
  133  20:13  Hydralisk x3  
  170  20:29  Drone  
  165  21:39  Evolution Chamber x2  
  163  21:42  Evolution Chamber  
  162  22:28  Zerg Melee Weapons Level 1  
  162  22:30  Zerg Missile Weapons Level 1  
  162  22:31  Zerg Ground Armor Level 1  
  162  22:38  Greater Spire  
  162  22:39  Spire  
  151  25:13  Zerg Ground Armor Level 2  
  151  25:15  Zerg Missile Weapons Level 2  
  151  25:17  Zerg Melee Weapons Level 2  
  151  25:54  Mutalisk x3  
  157  25:59  Mutalisk  
  159  26:11  Extractor  
  158  26:13  Extractor  
  157  26:26  Extractor  
  156  26:55  Extractor  
  155  27:03  Mutalisk  
  155  27:04  Mutalisk x3  
Tags
 
Add a new tag
Caveats
  • Supply blocks, unpowered buildings, or Contaminate may cause inaccurate times.
  • Supply counts are checked every 10 seconds.